 Dungeon Crawl Stone Soup version 0.30-a0-242-g7bf8e6d787 (webtiles) character file.

Game seed: 11116832524490195156

23 sleeves the Trooper (level 2, -2/24 HPs)
             Began as a Demonspawn Cinder Acolyte on Oct 11, 2022.
             Was a High Priest of Ignis.
             Slain by an orc
             ... wielding a +0 flail
              (9 damage)
             ... on level 2 of the Dungeon.
             The game lasted 00:00:40 (996 turns).

sleeves the Trooper (Demonspawn Cinder Acolyte)      Turns: 996, Time: 00:00:41

Health: -2/24      AC:  2    Str: 14    XL:     2   Next: 75%
Magic:  3/3        EV: 11    Int: 15    God:    Ignis [*****.]
Gold:   91         SH:  0    Dex:  8    Spells: 3/3 levels left

rFire   + . .      SeeInvis .    a - -1 falchion (flame)
rCold   . . .      Faith    .    (no shield)
rNeg    . . .      Spirit   .    b - +0 robe
rPois   .          Reflect  .    (no helmet)
rElec   .          Harm     .    (no cloak)
rCorr   .          Rampage  .    (no gloves)
Will    .....                    (no boots)
Stlth   +.........               (no amulet)
HPRegen 0.24/turn                (no ring)
MPRegen 0.08/turn                (no ring)

@: no status effects
A: spiny 1
a: Renounce Religion, Fiery Armour, Foxfire Swarm, Rising Flame


You were on level 2 of the Dungeon.
You worshipped Ignis.
Ignis was extremely pleased with you.
You visited 1 branch of the dungeon, and saw 2 of its levels.

You collected 91 gold pieces.

Inventory:

Hand Weapons
 a - a -1 falchion of flaming (weapon)
Armour
 b - a +0 robe (worn)
Magical Staves
 g - a staff of fire
   (You found it on level 1 of the Dungeon)
Jewellery
 e - a +4 ring of evasion
   (You found it on level 1 of the Dungeon)
Scrolls
 d - a scroll of brand weapon {unknown}
 f - 2 scrolls of noise {unknown}
 j - a scroll of teleportation {unknown}
 l - a scroll of identify {unknown}
Potions
 c - a potion of invisibility {unknown}
 h - 2 potions of attraction {unknown}
 i - a potion of heal wounds {unknown}
 k - 2 potions of lignification {unknown}


   Skills:
 - Level 3.0 Fighting
 - Level 2.6 Long Blades
 + Level 2.2 Armour
 - Level 1.0 Spellcasting
 - Level 2.6 Fire Magic


You had 3 spell levels left.
You didn't know any spells.
Your spell library contained the following spells:

 Spells                   Type           Power      Damage    Failure   Level
 Scorch                   Fire           16%        2d5       12%         2
 Animate Dead             Necr           0%         N/A       94%         4
 Borgnjor's Vile Clutch   Necr/Erth      0%         N/A       100%        5
 Death Channel            Necr           0%         N/A       100%        6


Dungeon Overview and Level Annotations

Branches:
Dungeon (2/15)

Altars:

Shops:
D:1 *


Innate Abilities, Weirdness & Mutations

You are partially covered in sharp spines.


Message History

Welcome, sleeves the Demonspawn Cinder Acolyte.
Everyone else who sought the Orb of Zot has failed.
Will you be different? The flames of Ignis gently warm you.
Press ? for a list of commands and other information.
Found a staircase leading out of the dungeon.
Unknown command.
You open the large door.
Found a stone staircase leading down.
There is a large open door here.
There is a large open door here.
You see here a staff of death.
A rat comes into view.
Found 5 stones.
Found a stone staircase leading down.
The rat misses you.
You slash the rat! You burn the rat.
You kill the rat!
No target in view!
No target in view!
No target in view!
No target in view!
No target in view!
No target in view!
No target in view!
No target in view!
You see here a rat corpse.
A bat comes into view.
A bat is nearby!
A bat is nearby!
The bat hits you. The bat misses you.
You see here an amethyst potion.
You miss the bat. The bat hits you but does no damage.
The bat closely misses you.
You hit the bat. You burn the bat.
You kill the bat!
No target in view!
No target in view!
No target in view!
No target in view!
No target in view!
No target in view!
No target in view!
No target in view!
c - an amethyst potion You see here a bat corpse.
d - a scroll labelled AJUSTU ITSA You now have 6 gold pieces.
Found an escape hatch in the floor.
You now have 12 gold pieces (gained 6).
A hobgoblin comes into view.
You hit the hobgoblin but do no damage. The hobgoblin closely misses you.
You hit the hobgoblin but do no damage. The hobgoblin misses you.
You hit the hobgoblin. You burn the hobgoblin.
The hobgoblin is severely wounded.
The hobgoblin barely misses you. x2
You barely miss the hobgoblin.
The hobgoblin is severely wounded.
The hobgoblin hits you but does no damage.
You completely miss the hobgoblin.
The hobgoblin is severely wounded.
The hobgoblin hits you but does no damage.
You hit the hobgoblin but do no damage.
The hobgoblin is severely wounded.
The hobgoblin hits you.
You hit the hobgoblin but do no damage.
The hobgoblin is severely wounded.
The hobgoblin barely misses you.
You barely miss the hobgoblin.
The hobgoblin is severely wounded.
The hobgoblin closely misses you.
You hit the hobgoblin. You burn the hobgoblin.
You kill the hobgoblin!
No target in view!
HP restored.
You see here a hobgoblin corpse.
e - a +4 ring of evasion
f - a scroll labelled KAXTACOT OSYA You now have 17 gold pieces (gained 5).
Found a stone staircase leading down.
No target in view!
No target in view!
No target in view!
No target in view!
No target in view!
No target in view!
No target in view!
No target in view!
No target in view!
No target in view!
No target in view!
No target in view!
No target in view!
You see here a staff of fire.
g - a staff of fire
f - 2 scrolls labelled KAXTACOT OSYA (gained 1)
A rat comes into view.
A rat is nearby!
A rat is nearby!
An endoplasm and a bat come into view.
The endoplasm quivers.
You closely miss the rat. The rat closely misses you. The rat bites you.
You closely miss the rat. The rat bites you.
You barely miss the rat. The rat bites you but does no damage.
The bat hits you but does no damage.
You completely miss the bat. The bat hits you. The bat barely misses you.
The rat barely misses you.
You closely miss the bat. The bat closely misses you.
The bat barely misses you. The endoplasm freezes you.
You are frozen.
The rat barely misses you. The bat closely misses you.
You are too injured to fight recklessly!
You are too injured to fight recklessly!
You are too injured to fight recklessly!
You are too injured to fight recklessly!
There are monsters nearby!
There are monsters nearby!
There are monsters nearby!
The endoplasm attacks as you move away! The endoplasm misses you.
The bat hits you but does no damage. The bat closely misses you.
The rat attacks as you move away! The rat bites you but does no damage.
The bat attacks as you move away! The bat hits you.
* * * LOW HITPOINT WARNING * * *
The endoplasm attacks as you move away! The endoplasm hits you.
* * * LOW HITPOINT WARNING * * *
The bat closely misses you.
You swing at nothing.
You hit the endoplasm. You burn the endoplasm.
You kill the endoplasm!
The rat barely misses you.
Your Armour skill increases to level 1!
You barely miss the rat. The rat barely misses you.
You closely miss the rat. The rat bites you.
* * * LOW HITPOINT WARNING * * *
You barely miss the rat. The rat completely misses you.
You hit the rat. You burn the rat.
You kill the rat!
The bat hits you but does no damage.
You swing at nothing.
The bat barely misses you.
You miss the bat. The bat barely misses you.
You swing at nothing.
The bat barely misses you.
You closely miss the bat. The bat hits you but does no damage.
The bat closely misses you.
You miss the bat. The bat hits you but does no damage.
You swing at nothing.
The bat hits you but does no damage.
You swing at nothing.
You closely miss the bat. The bat closely misses you.
You swing at nothing.
The bat hits you but does no damage.
You swing at nothing.
The bat hits you but does no damage. The bat closely misses you.
You barely miss the bat. The bat barely misses you. x2
You miss the bat. The bat closely misses you.
The bat hits you but does no damage. The bat barely misses you.
You barely miss the bat. The bat barely misses you.
You swing at nothing.
The bat closely misses you.
You hit the bat. You burn the bat.
The bat is severely wounded.
The bat barely misses you.
You swing at nothing.
The bat barely misses you.
You swing at nothing.
You closely miss the bat.
The bat is severely wounded.
The bat closely misses you. The bat hits you but does no damage.
You hit the bat. You burn the bat.
You kill the bat!
You swing at nothing.
You swing at nothing.
You swing at nothing.
You swing at nothing.
You swing at nothing.
You swing at nothing.
You swing at nothing.
You swing at nothing.
Found a leather armour.
A hobgoblin comes into view.
The hobgoblin shouts!
A hobgoblin is nearby!
A hobgoblin is nearby!
The hobgoblin barely misses you.
You barely miss the hobgoblin. The hobgoblin misses you.
You hit the hobgoblin. You burn the hobgoblin.
The hobgoblin is almost dead.
The hobgoblin closely misses you.
You hit the hobgoblin but do no damage.
The hobgoblin is almost dead.
The hobgoblin closely misses you.
You hit the hobgoblin. You burn the hobgoblin.
You kill the hobgoblin!
No target in view!
No target in view!
No target in view!
No target in view!
As you open the door, it creaks loudly!
There is an open door here.
Found a robe.
You now have 26 gold pieces (gained 9).
You pick up a book of Unlife and begin reading...
You add the spells Animate Dead, Borgnjor's Vile Clutch and Death Channel to your library.
No target in view!
No target in view!
No target in view!
No target in view!
No target in view!
No target in view!
No target in view!
No target in view!
h - 2 purple potions You now have 39 gold pieces (gained 13).
You now have 55 gold pieces (gained 16).
Key pressed, stopping explore.
You now have 64 gold pieces (gained 9).
i - a smoky puce potion
Found Viocles's Assorted Antiques.
No target in view!
No target in view!
No target in view!
No target in view!
No target in view!
No target in view!
There is an entrance to Viocles's Assorted Antiques here.
Done exploring.
Done exploring.
Done exploring.
No target in view!
(D) Dungeon
Where to? (? - help)
There is a stone staircase leading down here.
You climb downwards.
There is a stone staircase leading up here.
There are monsters nearby!
There are monsters nearby!
There are monsters nearby!
The orc shouts! x2
You climb upwards.
There is a stone staircase leading down here.
There is a stone staircase leading down here.
You climb downwards.
The goblin shouts!
Found a stone staircase leading down.
There is a stone staircase leading up here.
A goblin is nearby!
A goblin is nearby!
You hit the goblin. You burn the goblin.
You kill the goblin!
You have reached level 2!
Your demonic ancestry asserts itself...
Sharp spines emerge from parts of your body.
A quokka comes into view.
Things that are here:
a +0 club; a goblin corpse A quokka is nearby!
A quokka is nearby!
The quokka is struck by your spines.
The quokka bites you but does no damage.
You hit the quokka. You burn the quokka.
The quokka is almost dead.
The quokka is struck by your spines.
You kill the quokka!
No target in view!
No target in view!
No target in view!
No target in view!
No target in view!
No target in view!
There is a stone staircase leading down here.
You open the door.
A goblin comes into view. It is wielding a +0 club.
Found 7 stones and a scroll labelled GIMPEZ LIGE.
A goblin is nearby!
A goblin is nearby!
A hobgoblin comes into view.
There is an open door here.
The goblin is struck by your spines. The goblin hits you with a +0 club.
You barely miss the goblin. Your punch misses the goblin.
The goblin is heavily wounded.
The goblin hits you with a +0 club.
You hit the goblin. You burn the goblin.
You kill the goblin!
The hobgoblin is struck by your spines.
The hobgoblin hits you but does no damage.
You hit the hobgoblin. You burn the hobgoblin.
You kill the hobgoblin!
No target in view!
No target in view!
No target in view!
No target in view!
No target in view!
No target in view!
No target in view!
No target in view!
HP restored.
You see here 7 stones.
A ball python comes into view.
A ball python is nearby!
A ball python is nearby!
You hit the ball python. You burn the ball python.
The ball python is severely wounded.
The ball python is struck by your spines.
You kill the ball python!
No target in view!
No target in view!
No target in view!
No target in view!
No target in view!
No target in view!
No target in view!
j - a scroll labelled GIMPEZ LIGE An adder comes into view.
The adder hisses angrily.
An adder is nearby!
You completely miss the adder. The adder bites you.
You barely miss the adder. The adder is struck by your spines.
The adder barely misses you. x2
You barely miss the adder.
The adder is heavily wounded.
The adder is struck by your spines. The adder closely misses you.
You barely miss the adder.
The adder is heavily wounded.
The adder is struck by your spines. The adder closely misses you.
The adder is struck by your spines. The adder bites you.
You are poisoned.
The adder poisons you!
You hit the adder. You burn the adder.
You kill the adder!
You feel sick.
Your Armour skill increases to level 2!
No target in view!
No target in view!
No target in view!
No target in view!
No target in view!
No target in view!
No target in view!
No target in view!
No target in view!
No target in view!
No target in view!
You feel sick.
You feel sick.
You feel sick.
You are no longer poisoned.
You now have 80 gold pieces (gained 16).
k - 2 murky purple potions
Found 8 stones.
l - a scroll labelled FIN BOHIGGAR You now have 91 gold pieces (gained 11).
You see here a hobgoblin corpse.
There is an open door here.
An orc is nearby!
The orc hits you with a +0 flail.
You closely miss the orc.
The orc shouts!
The orc hits you with a +0 flail.
The orc shouts!
You hit the orc but do no damage. The orc hits you with a +0 flail!
* * * LOW HITPOINT WARNING * * *
The orc drinks a potion.
The orc seems to speed up.
The orc hits you with a +0 flail.
* * * LOW HITPOINT WARNING * * *
There are monsters nearby!
There are monsters nearby!
The orc attacks as you move away! The orc hits you with a +0 flail!
You die...

####.#### #.####.##
#+ #..#.......###.#
##.. ####.<....# ...
..##..###.# ..
#.#...# .
#.###.#.#.....# #..
#...#.#)#######
'....##..#.#.#
#....'o@.#...#
#...o###...>####
#.......##..##.#
#....... #..##.#
....... #.....#
....### ##.##.###
.... #......#
##############...#
#..........#####'####


You could see 2 orcs.

Vanquished Creatures
  An adder (D:2)
  2 bats (D:1)
  An endoplasm (D:1)
  2 goblins (D:2)
  3 hobgoblins
  A quokka (D:2)
  A ball python (D:2)
  2 rats (D:1)
13 creatures vanquished.

Notes
Turn   | Place    | Note
-------+----------+-------------------------------------------
     0 | D:1      | sleeves the Demonspawn Cinder Acolyte began the quest for
                  | the Orb.
     0 | D:1      | Reached XP level 1. HP: 18/18 MP: 2/2
   314 | D:1      | HP: 9/18 [bat (1)]
   319 | D:1      | Reached skill level 1 in Armour
   320 | D:1      | HP: 8/18 [rat (1)]
   748 | D:1      | Found Viocles's Assorted Antiques.
   839 | D:2      | Gained mutation: You are partially covered in sharp spines.
                  | [demonic ancestry]
   839 | D:2      | Reached XP level 2. HP: 24/24 MP: 3/3
   892 | D:2      | Reached skill level 2 in Armour
   995 | D:2      | HP: 10/24 [orc/+0 flail (8)]
   996 | D:2      | Slain by an orc

Illustrated notes

Levels and vault maps discovered:
D:1:      dpeg_arrival_simpleton_b, layout_basic, serial_shops, shop,
          minmay_misc_feat_tower, minmay_misc_feat_chi
D:2:      layout_basic, minivault_26, uniq_sigmund

Skill      XL: |  1  2 |
---------------+-------+-----
Armour         | 1 2 |  2.2
Fighting       | |  3.0
Long Blades    | |  2.6
Spellcasting   | |  1.0
Fire Magic     | |  2.6

Action                   || total
-------------------------++-------
Melee: Falchion          ||    49
Armor: Robe              ||    17
Dodge: Dodged            ||    45

Table legend: (Time is in decaauts)
 A = Elapsed time spent in this place.
 B = Non-inter-level travel time spent in this place.
 C = Inter-level travel time spent in this place.
 D = Time resting spent in this place.
 E = Time spent auto-exploring this place.
 F = Levels seen in this place.
 G = Mean time per level.
                   A        B        C        D        E       F      G
               +--------+--------+--------+--------+--------+-----+--------+
         Total |   1007 |    936 |     71 |      0 |    796 |   2 |  503.5 |
       Dungeon |   1007 |    936 |     71 |      0 |    796 |   2 |  503.5 |
               +--------+--------+--------+--------+--------+-----+--------+

Top non-repeatable levels by time:
     D:1: 841 daAuts
     D:2: 165 daAuts
